Match 28633139
Unlisted

Match 28633139
End
Kettenkrad Recon Vehicle
Selects Luftwaffe Battlegroup
Selects Luftwaffe Pioneer Support
Fallschirmpioneer Squad Paradrop
Fallschirmpioneer Squad Paradrop
Construct Infanterie Kompanie
Fallschirmpioneer Squad Paradrop
Grenadier Squad
Infanterie Officer Quarters
Fallschirmpioneer Squad Paradrop
Construct Panzergrenadier Kompanie
Pak 40 Anti-tank Gun Team
Fallschirmpioneer Squad Paradrop
Construct Panzer Kompanie
Selects Stuka Strafing Run
Stuka Strafing Run
Fallschirmpioneer Squad Paradrop
Selects LG40 Recoilless Gun Paradrop
Selects Infantry Reserves
Grenadier Squad
Panzer IV Medium Tank
Fallschirmpioneer Squad Paradrop
Fallschirmpioneer Squad Paradrop
Pak 40 Anti-tank Gun Team
Fallschirmpioneer Squad Paradrop
Panzer IV Medium Tank
Selects Fallschirmjäger Squad Paradrop
Selects Stuka Loiter
Leiarde
Madscientist
CAuMOH
sniper shot reduces your mom lif
0
0

Comments sign in to comment!

No comments posted yet!